 Dungeon Crawl Stone Soup version 0.24.0-1-gfbc8707122 (webtiles) character file.

Game seed: 9116210338623806010, levelgen mode: deterministic

71 Lanoc the Grave Robber (level 4, 0/30 HPs)
             Began as a Formicid Necromancer on Oct 28, 2019.
             Hit by a stone thrown by a gnoll (3 damage)
             ... on level 2 of the Dungeon.
             The game lasted 00:03:52 (1606 turns).

Lanoc the Grave Robber (Formicid Necromancer)       Turns: 1606, Time: 00:03:52

Health: 0/30       AC:  2    Str: 12    XL:     4   Next: 47%
Magic:  8/8        EV: 12    Int: 16    God:
Gold:   94         SH:  0    Dex: 11    Spells: 3/8 levels left

rFire    . . .     SeeInvis +   d - +0 short sword
rCold    . . .     Gourm    .   (no shield)
rNeg     . . .     Faith    .   a - +0 robe
rPois    .         Spirit   .   (helmet unavailable)
rElec    .         Reflect  .   (no cloak)
rCorr    .         Harm     .   (no gloves)
MR       +....                  (no boots)
Stlth    ++........             (no amulet)
HPRegen  0.10/turn              g - ring of protection from magic
MPRegen  0.11/turn              (no ring)

@: no status effects
A: permanent stasis, dig shafts and tunnels, four strong arms, antennae 3
a: Dig, Shaft Self


You were on level 2 of the Dungeon.
You were hungry.

You visited 1 branch of the dungeon, and saw 2 of its levels.

You collected 94 gold pieces.

Inventory:

Hand Weapons
 d - a +0 short sword (weapon)
Armour
 a - a +0 robe (worn)
 f - a +2 buckler
Jewellery
 g - a ring of protection from magic (left hand)
Scrolls
 b - a scroll of identify {unknown}
 h - 3 scrolls of remove curse {unknown}
 i - a scroll of random uselessness {unknown}
Potions
 e - 2 potions of heal wounds {unknown}
 j - 2 potions of flight {unknown}
 k - a potion of degeneration {unknown}
Comestibles
 c - 7 rations


   Skills:
 + Level 2.4 Dodging
 - Level 2.4 Stealth
 + Level 2.9 Spellcasting
 * Level 4.9 Necromancy


You had 3 spell levels left.
You knew the following spells:

 Your Spells              Type           Power        Failure   Level  Hunger
a - Pain                  Necr           ###.         2%          1    #......
b - Animate Skeleton      Necr           N/A          2%          1    #......
c - Vampiric Draining     Necr           ###.......   8%          3    ###....

Your spell library contained the following spells:

 Spells                   Type           Power        Failure   Level  Hunger
 Regeneration             Chrm/Necr      ##........   21%         3    ###....
 Animate Dead             Necr           N/A          26%         4    #####..


Dungeon Overview and Level Annotations

Branches:
Dungeon (2/15)

Altars:

Annotations:
D:2 Sigmund


Innate Abilities, Weirdness & Mutations

You cannot be hasted, slowed, berserked, paralysed or teleported.
You can dig through walls and to a lower floor.
Your four strong arms can wield two-handed weapons with a shield.
You have a pair of large antennae on your head. (SInv)


Message History

You see here 2 stones.
You see here a +0 flail.
The gnoll throws a stone.
The stone hits you.
You see here a stone.
Sigmund shouts!
The gnoll throws a stone.
The stone hits you.
You see here a stone.
The gnoll throws a stone.
The stone hits you but does no damage.
You see here a stone.
The gnoll throws a stone.
The stone hits you!
* * * LOW HITPOINT WARNING * * *
Things that are here:
a stone; a +0 club; a hobgoblin skeleton The gnoll throws a stone.
The stone hits you.
* * * LOW HITPOINT WARNING * * *
The gnoll throws a stone.
The stone completely misses you.
You see here a stone.
There is a stone staircase leading up here.
The gnoll throws a stone.
The stone hits you.
You die...

# # # # # #####
######## ##
##...###......# #g
##.....##.####.# #g
#.....@.#.####.## #.
#...........##..######g
#.......#.#(.g.((g.g..)
##..(..##.####..######@
#.......#......## #.
#.##.##.######## #.
#.##.##.# #. #.##....#
#@ #.####..##########
#.


You could see a gnoll.

Vanquished Creatures
  A hound (D:2)
  A gnoll (D:2)
  A worm (D:2)
  2 dart slugs
  A leopard gecko (D:1)
  A giant cockroach (D:2)
  5 goblins
  4 hobgoblins
  2 kobolds (D:1)
  A quokka (D:2)
  3 bats
  2 frilled lizards (D:1)
  3 rats (D:1)
27 creatures vanquished.

Notes
Turn   | Place    | Note
-------+----------+-------------------------------------------
     0 | D:1      | Lanoc the Formicid Necromancer began the quest for the Orb.
     0 | D:1      | Reached XP level 1. HP: 13/13 MP: 3/3
   125 | D:1      | Reached XP level 2. HP: 11/19 MP: 1/5
   128 | D:1      | Learned a level 1 spell: Animate Skeleton
   838 | D:2      | Reached XP level 3. HP: 13/24 MP: 6/6
   907 | D:2      | Learned a level 3 spell: Vampiric Draining
   920 | D:2      | Reached XP level 4. HP: 15/30 MP: 0/8
  1214 | D:2      | Noticed Sigmund
  1606 | D:2      | Hit by a stone thrown by a gnoll

Levels and vault maps discovered:
D:1:      minmay_arrival_checkered_box, layout_rooms, minmay_door_square
D:2:      layout_loops_cross, chequers_ecumenical_altar_twisty,
          grunt_ashenzari_visionary [grunt_ashenzari_visionary_swamp,
          grunt_ashenzari_visionary_snake], uniq_sigmund

Skill      XL: |  1  2 |
---------------+-------+-----
Dodging        | 2 |  2.4
Stealth        | |  2.4
Spellcasting   | |  2.9
Necromancy     | |  4.9

Action                   |  1- 3 |  4- 6 || total
-------------------------+-------+-------++-------
Melee: Unarmed           |    14 |       ||    14
       Short sword       |    14 |    19 ||    33
 Cast: Pain              |    27 |     5 ||    32
       Vampiric Draining |     1 |     3 ||     4
       Animate Skeleton  |     1 |       ||     1
 Stab: Sleeping          |       |     1 ||     1
  Eat: Chunk             |       |     2 ||     2
Armor: Robe              |    14 |     1 ||    15
Dodge: Dodged            |    29 |    13 ||    42
